 Dungeon Crawl Stone Soup version 0.17-a0-1479-g4041c36 (webtiles) character file.

376 rnawigator the Conjurer (level 6, -2/32 HPs)
             Began as a Tengu Conjurer on July 3, 2015.
             Slain by utis's ghost (14 damage)
             ... on level 4 of the Dungeon.
             The game lasted 00:14:32 (3872 turns).

rnawigator the Conjurer (Tengu Conjurer)            Turns: 3872, Time: 00:14:32

Health: -2/32      AC:  5    Str:  8    XL:     6   Next: 73%
Magic:  0/13       EV: 13    Int: 18    God:
Gold:   181        SH:  0    Dex: 14    Spells: 4 memorised, 3 levels left

rFire  . . .     SeeInvis .     c - +1 dagger (venom)
rCold  . . .     Clarity  .     a - +1 robe
rNeg   . . .     SustAt   .     (no shield)
rPois  .         Gourm    .     (helmet restricted)
rElec  .         Spirit   .     h - +0 cloak
rCorr  .         Warding  .     k - +0 pair of gloves
rMut   .         Stasis   .     (boots unavailable)
MR     .....                    (no amulet)
Stlth  ++........               (no ring)
                                (no ring)

@: not resistant to hostile enchantments, unstealthy
A: beak, talons 3, able to fly 1
a: Fly


You were on level 4 of the Dungeon.
You were not hungry.

You visited 1 branch of the dungeon, and saw 4 of its levels.

You collected 181 gold pieces.

Inventory:

Hand weapons
 c - a +1 dagger of venom (weapon)
 o - a +0 short sword
 p - a +0 hunting sling of flaming
Missiles
 q - 156 stones (quivered)
Armour
 a - a +1 robe (worn)
 h - a +0 cloak (worn)
 k - a +0 pair of gloves (worn)
Jewellery
 l - an uncursed ring of stealth {unknown}
Scrolls
 e - a scroll of immolation
 n - 3 scrolls of remove curse
Potions
 f - a potion of flight {unknown}
 g - 2 potions of heal wounds
 i - a potion of lignification
 m - a potion of curing
Books
 b - a book of Conjurations

   Spells                             Type                      Level
   a - Magic Dart                     Conjuration                  1
   b - Searing Ray                    Conjuration                  2
   c - Dazzling Spray                 Conjuration/Hexes            3
   d - Fulminant Prism                Conjuration/Hexes            4
   e - Iskenderun's Mystic Blast      Conjuration                  4
   f - Iskenderun's Battlesphere      Conjuration/Charms           5
Comestibles
 d - 5 chunks of flesh
 j - 4 meat rations


   Skills:
 + Level 3.7 Dodging
 - Level 3.6 Stealth
 * Level 4.0 Spellcasting
 * Level 7.1 Conjurations


You had 3 spell levels left.
You knew the following spells:

 Your Spells              Type           Power        Failure   Level  Hunger
a - Magic Dart            Conj           ####         1%          1    None
b - Searing Ray           Conj           ####..       1%          2    ##.....
c - Dazzling Spray        Conj/Hex       ###.....     12%         3    ###....
d - Iskenderun's Mystic   Conj           ####....     10%         4    ####...


Dungeon Overview and Level Annotations

Branches:
Dungeon (4/15)
 Temple: D:4-7

Altars:
Yredelemnul

Annotations:
D:3 Edmund, Robin
D:4 utis's ghost, average TeFi


Innate Abilities, Weirdness & Mutations

You have a beak for a mouth.
You have claws for feet.
You can fly.


Message History

Casting: Magic Dart
Confirm with . or Enter, or press ? or * to list all spells.
Aiming: Searing Ray
Press: ? - help, Shift-Dir - straight line, f/p - utis's ghost
Aim: utis's ghost (heavily damaged)
Okay, then.
Unknown command.
Casting: Searing Ray
Confirm with . or Enter, or press ? or * to list all spells.
Aiming: Iskenderun's Mystic Blast
Press: ? - help, Shift-Dir - straight line, f/p - utis's ghost
Aim: utis's ghost (heavily damaged)
The orb of energy hits utis's ghost.
Utis's ghost is severely damaged.
The orb of energy explodes!
Utis's ghost hits you but does no damage.
You hit utis's ghost but do no damage.
Utis's ghost is severely damaged.
Utis's ghost hits you!
You die...

########## ......W@.#
##########.# #.# #.# ... #.#
####.# ####.####### ....#.#
#..........#
####..##.#####..........#
............)...........#
..^....#.####...........####


You could see utis's ghost.

Vanquished Creatures
  Eustachio (D:4)
  A black bear (D:3)
  3 river rats (D:3)
  3 adders
  An ooze (D:3)
  2 giant geckos
  2 orcs (D:3)
  2 ball pythons (D:3)
  5 bats
  4 giant cockroaches
  19 goblins
  11 hobgoblins
  7 jackals
  10 kobolds
  A giant newt (D:2)
  A quokka (D:2)
  6 rats
79 creatures vanquished.

Vanquished Creatures (collateral kills)
  A kobold (D:4)
1 creature vanquished.

Grand Total: 80 creatures vanquished

Notes
Turn   | Place    | Note
--------------------------------------------------------------
     0 | D:1      | rnawigator the Tengu Conjurer began the quest for the Orb.
     0 | D:1      | Reached XP level 1. HP: 10/10 MP: 4/4
   246 | D:1      | Reached XP level 2. HP: 15/15 MP: 0/6
   557 | D:1      | Learned a level 2 spell: Searing Ray
  1080 | D:2      | Reached XP level 3. HP: 19/19 MP: 4/7
  1571 | D:2      | Learned a level 3 spell: Dazzling Spray
  1987 | D:3      | Reached XP level 4. HP: 22/24 MP: 0/9
  2059 | D:3      | Reached skill level 6 in Conjurations
  2453 | D:3      | Noticed a black bear
  2501 | D:3      | Noticed Robin
  2750 | D:3      | Killed a black bear
  2750 | D:3      | Gained mutation: You can fly. [Tengu growth]
  2750 | D:3      | Reached XP level 5. HP: 28/28 MP: 1/11
  2814 | D:3      | Learned a level 4 spell: Iskenderun's Mystic Blast
  2980 | D:3      | Reached XP level 6. HP: 27/32 MP: 7/12
  3106 | D:4      | Noticed Edmund
  3565 | D:4      | Noticed utis's ghost (average TeFi)
  3671 | D:4      | Found a basalt altar of Yredelemnul.
  3692 | D:4      | Noticed Eustachio
  3708 | D:4      | Killed Eustachio
  3708 | D:4      | Reached skill level 7 in Conjurations
  3872 | D:4      | Slain by utis's ghost

Vault maps used:
D:1:      scummos_arrival_hexagon, hangedman_feature_mirror
D:3:      kennysheep_big_flooded_room, portal_sewer_entry_b, uniq_robin
D:4:      nicolae_overflow_crystal_walls, first_bread,
          kennysheep_generic_room_16, uniq_eustachio, uniq_edmund

Action                   |  1- 3 |  4- 6 || total
-------------------------+-------+-------++-------
Melee: Unarmed           |     8 |       ||     8
       Whip              |     3 |    17 ||    20
       Dagger            |       |     1 ||     1
 Cast: Magic Dart        |    94 |    93 ||   187
       Searing Ray       |       |     3 ||     3
       Dazzling Spray    |       |     4 ||     4
       Iskenderun's Myst |       |     2 ||     2
Evoke: Wand              |       |     5 ||     5
  Use: Scroll            |     7 |     3 ||    10
       Potion            |     1 |       ||     1
 Stab: Sleeping          |       |     1 ||     1
       Invisible         |       |     1 ||     1
  Eat: Chunk             |     4 |     2 ||     6
       Beef jerky        |       |     1 ||     1
       Bread ration      |       |     1 ||     1
